 Dungeon Crawl Stone Soup version 0.29.0-7-g18a832c13a (webtiles) character file.

Game seed: 7760097933987577467

103 LabCoat the Chopper (level 4, -4/41 HPs)
             Began as a Hill Orc Fighter on Aug 31, 2022.
             Killed by nerve-wracking pain
             ... invoked by an orc priest
              (5 damage)
             ... on level 3 of the Dungeon.
             The game lasted 00:04:59 (1414 turns).

LabCoat the Chopper (Hill Orc Fighter)              Turns: 1414, Time: 00:05:01

Health: -4/41      AC:  9    Str: 20    XL:     4   Next: 79%
Magic:  4/4        EV:  7    Int:  8    God:
Gold:   113        SH:  4    Dex: 10    Spells: 3/3 levels left

rFire   . . .      SeeInvis .   a - +0 war axe
rCold   . . .      Faith    .   c - +0 buckler
rNeg    . . .      Spirit   .   e - +0 chain mail
rPois   .          Reflect  .   (no helmet)
rElec   .          Harm     .   (no cloak)
rCorr   .          Rampage  .   (no gloves)
Will    .....                   (no boots)
Stlth   ..........              (no amulet)
HPRegen 0.13/turn               (no ring)
MPRegen 0.09/turn               (no ring)

@: no status effects
A: no striking features
a: Convert to Beogh


You were on level 3 of the Dungeon.
You visited 1 branch of the dungeon, and saw 3 of its levels.

You collected 113 gold pieces.

Inventory:

Hand Weapons
 a - a +0 war axe (weapon)
 j - a +0 flail
Armour
 c - a +0 buckler (worn)
 e - a +0 chain mail (worn)
Scrolls
 i - a scroll of teleportation
Potions
 d - a potion of might
 f - a potion of ambrosia
 g - 3 potions of degeneration {unknown}
 h - a potion of cancellation {unknown}


   Skills:
 + Level 4.5 Fighting
 * Level 4.7 Axes
 + Level 3.7 Armour
 + Level 3.8 Shields


You had 3 spell levels left.
You didn't know any spells.
Your spell library contained the following spells:

 Spells                   Type           Power      Damage    Failure   Level
 Conjure Flame            Conj/Fire      0%         6-21      100%        3
 Ignite Poison            Fire/Tmut/Pois 0%         N/A       100%        3
 Sticky Flame             Conj/Fire      0%         2d3       100%        4


Dungeon Overview and Level Annotations

Branches:
Dungeon (3/15)

Altars:


Message History

You closely miss the orc priest.
The orc priest is almost dead.
You hit the adder. The adder bites you but does no damage.
The orc priest closely misses you. The adder bites you but does no damage.
You closely miss the orc. You hit the adder. The adder barely misses you.
The orc hits you but does no damage. The adder bites you but does no damage.
You hit the orc.
The orc is lightly wounded.
You closely miss the orc priest. You miss the adder.
The adder barely misses you.
The orc priest hits you but does no damage.
The orc hits you but does no damage.
The orc priest shouts, "Surrender to Beogh and we'll let you live!"
You slash the orc!
You kill the orc!
You hit the orc priest.
You kill the orc priest!
You barely miss the adder. The adder barely misses you.
The orc priest mumbles some strange prayers to Beogh against you.
Beogh smites you!
* * * LOW HITPOINT WARNING * * *
The adder bites you but does no damage.
Your Axes skill increases to level 4!
You hit the orc priest but do no damage.
You closely miss the adder. You block the adder's attack.
The orc priest hits you but does no damage.
The adder bites you but does no damage.
You barely miss the orc priest.
The orc priest threatens, "By the altar or by the axe, you will meet Beogh!"
You hit the adder.
You kill the adder!
The orc priest barely misses you.
You hit the orc priest.
The orc priest is lightly wounded.
The orc priest calls down the wrath of Beogh upon you.
Beogh smites you!
* * * LOW HITPOINT WARNING * * *
The orc priest invokes the aid of Beogh against you.
Pain shoots through your body!
You die...

#.. ..# #.. #.##.#
#.. #.##.# ..###.##.#
# .....##.# ###.
#.#...<##.##.....
..###.#.##.#<.......#
#.....).)#.#.....####
####.o@.........#
#.###........... #.
####.....### #
#...(.# #.....#
#.....# #.....#
#######


You could see an orc priest.

Vanquished Creatures
  An orc priest (D:3)
  2 adders
  3 dart slugs (D:1)
  An orc (D:3)
  3 ball pythons
  7 endoplasms
  8 goblins
  7 hobgoblins
  6 bats
  2 frilled lizards (D:2)
  2 kobolds
  3 rats
45 creatures vanquished.

Notes
Turn   | Place    | Note
-------+----------+-------------------------------------------
     0 | D:1      | LabCoat the Hill Orc Fighter began the quest for the Orb.
     0 | D:1      | Reached XP level 1. HP: 19/19 MP: 1/1
   136 | D:1      | Reached XP level 2. HP: 26/27 MP: 2/2
   360 | D:1      | Reached XP level 3. HP: 22/33 MP: 3/3
  1053 | D:2      | Reached XP level 4. HP: 41/41 MP: 4/4
  1414 | D:3      | HP: 1/41 [orc priest/divine providence (11)]
  1414 | D:3      | Killed from afar by an orc priest

Illustrated notes

Levels and vault maps discovered:
D:1:      psy_arrival_statuary, layout_basic, serial_bayou_pond_d
D:2:      layout_basic, chequers_garden, lemuel_another_geyser
D:3:      layout_rooms, amcnicky_altar_gilded, corner_web_ring, uniq_robin

Skill      XL: |  1  2  3  4 |
---------------+-------------+-----
Fighting       | 4 |  4.5
Axes           | 3 4 |  4.7
Armour         | |  3.7
Shields        | |  3.8

Action                   |  1- 3 |  4- 6 || total
-------------------------+-------+-------++-------
Melee: War axe           |    88 |    15 ||   103
  Use: Scroll            |     3 |     1 ||     4
Armor: Chain mail        |    62 |    14 ||    76
Dodge: Dodged            |    24 |     7 ||    31
Block: Buckler           |    27 |     1 ||    28
